 Dungeon Crawl Stone Soup version 0.25-a0-743-g84dc20635f (webtiles) character file.

Game seed: 16031380209440125057, levelgen mode: deterministic

1540 Maedhros the Sneak (level 8, -8/48 HPs)
             Began as an Octopode Artificer on Apr 13, 2020.
             Was a Priest of Cheibriados.
             Mangled by a wyvern (12 damage)
             ... on level 8 of the Dungeon.
             The game lasted 00:20:57 (3709 turns).

Maedhros the Sneak (Octopode Artificer)             Turns: 3709, Time: 00:20:58

Health: -8/48      AC:  6    Str: 18    XL:     8   Next: 86%
Magic:  18/30      EV: 17    Int: 21    God:    Cheibriados [***...]
Gold:   329        SH:  5    Dex: 21    Spells: 6/12 levels left

rFire    . . .     SeeInvis .     - Unarmed
rCold    . . .     Gourm    .   l - +0 buckler
rNeg     . . .     Faith    .   (helmet restricted)
rPois    .         Spirit   .   (no amulet)
rElec    .         Reflect  .   n - +2 ring of evasion
rCorr    .         Harm     .   q - ring of magical power
MR       .....                  o - ring of magical power
Stlth    +++++.....             (no ring)
HPRegen  0.16/turn              (no ring)
MPRegen  0.22/turn              (no ring)
                                (no ring)
                                (no ring)

@: icy armour, very slow
A: almost no armour, stealthy swim, amphibious, 8 rings, constrict 8, camouflage
1, gelatinous body 1
a: Bend Time, Temporal Distortion, Renounce Religion


You were on level 8 of the Dungeon.
You worshipped Cheibriados.
Cheibriados was most pleased with you.
You were not hungry.

You visited 2 branches of the dungeon, and saw 9 of its levels.

You collected 329 gold pieces.

Inventory:

Hand Weapons
 e - a +4 quarterstaff
 i - a +3 arbalest
Missiles
 h - 15 poisoned darts (quivered)
Armour
 l - a +0 buckler (worn)
Magical Staves
 v - an uncursed staff of poison
Jewellery
 n - a +2 ring of evasion (left tentacle)
 o - a ring of magical power (on tentacle)
 q - a ring of magical power (right tentacle)
 t - an uncursed ring of ice
Wands
 r - a wand of iceblast (5)
Scrolls
 a - a scroll of identify
 c - a scroll of enchant armour {unknown}
 g - a scroll of immolation
 j - a scroll of remove curse
 m - 3 scrolls of teleportation
 u - a scroll of holy word {unknown}
Potions
 b - a potion of curing
 p - a potion of stabbing
Comestibles
 f - 9 rations


   Skills:
 - Level 1.0 Fighting
   Level 1.0 Short Blades
 + Level 3.3 Dodging
 + Level 7.7 Stealth
 + Level 2.5 Shields
 * Level 5.9 Unarmed Combat
 * Level 2.8 Spellcasting
 * Level 2.9 Conjurations
 * Level 3.0 Charms
 - Level 3.2 Evocations


You had 6 spell levels left.
You knew the following spells:

 Your Spells              Type           Power        Failure   Level  Hunger
a - Ozocubu's Armour      Chrm/Ice       #.......     26%         3    ###....
b - Magic Dart            Conj           ###.         4%          1    None
c - Searing Ray           Conj           ###...       7%          2    ##.....

Your spell library contained the following spells:

 Spells                   Type           Power        Failure   Level  Hunger
 Corona                   Hex            #......      16%         1    None
 Freeze                   Ice            #...         16%         1    None
 Sting                    Tmut/Pois      #...         16%         1    None
 Poisonous Vapours        Pois/Air       #.....       24%         2    ##.....
 Dazzling Flash           Conj/Hex       #.....       26%         3    ###....
 Mephitic Cloud           Conj/Pois/Air  #.......     32%         3    ###....
 Frozen Ramparts          Ice            #.....       43%         3    ###....
 Ignite Poison            Fire/Tmut/Pois #.......     43%         3    ###....
 Inner Flame              Hex/Fire       #.......     43%         3    ###....
 Summon Guardian Golem    Hex/Summ       #.......     43%         3    ###....
 Fulminant Prism          Conj/Hex       #.........   65%         4    ####...
 Hailstorm                Conj/Ice       #.......     65%         4    ####...
 Iskenderun's Mystic Bla  Conj/Tloc      #.......     65%         4    ####...
 Olgreb's Toxic Radiance  Pois           #.......     85%         4    ####...
 Summon Ice Beast         Ice/Summ       #.......     85%         4    ####...
 Aura of Abjuration       Summ           #.........   99%         5    ######.
 Summon Demon             Summ           #.........   99%         5    ######.


Dungeon Overview and Level Annotations

Branches:
Dungeon (8/15)             Temple (1/1) D:6
   Lair: D:8-11

Altars:
Ashenzari
Cheibriados
Dithmenos
Elyvilon
Fedhas
Kikubaaqudgha
Nemelex Xobeh
Okawaru
Qazlal
Ru
Sif Muna
Trog
Uskayaw
Wu Jian
Xom
Yredelemnul
Zin
The Shining One

Shops:
D:6 [

Annotations:
D:5 Grinder


Innate Abilities, Weirdness & Mutations

You cannot wear most types of armour.
You are very stealthy in the water. (Stealth+)
You are amphibious.
You can wear up to eight rings at the same time.
You can use your tentacles to constrict eight enemies at once.
Your skin changes colour to match your surroundings (Stealth+).
Your rubbery body absorbs attacks. (AC +1, EV +1)


Message History

Casting: Magic Dart (safe; 4% risk of failure)
Confirm with . or Enter, or press ? or * to list all spells.
Aiming: Searing Ray (safe; 7% risk of failure)
Press: ? - help, Shift-Dir - straight line, f/p - wyvern
Aim: a wyvern The searing ray hits the wyvern!
The wyvern is moderately wounded. (Press . to maintain the ray.)
The searing ray hits the wyvern.
The wyvern is moderately wounded.
The wyvern bites you!
The crimson imp blinks!
The searing ray misses the wyvern.
The wyvern bites you!
* * * LOW HITPOINT WARNING * * *
Evoke which item? (* to show all) (? for menu, Esc to quit)
Okay, then.
Okay, then.
The searing ray hits the wyvern.
The wyvern is heavily wounded.
You finish channeling your searing ray.
The wyvern bites you!
You die...

#..<.#....##
#..........#
#....##....### #
######.......)....# .#
#.........##.#.##'##.#
#....................#
#....................#
#......###.....l.....#
#......# #......@....#
#......# #...).......#
#....... #...5.......#
##.####. #...........#
#. #...........#
.......[......
ยง...##.###.#####
.......># .# ..#####
##


You could see a wyvern and a crimson imp.

Vanquished Creatures
  A centaur (D:5)
  A sky beast (D:7)
  5 ogres
  A bullfrog (D:6)
  A scorpion (D:5)
  2 howler monkeys
  A centaur zombie (D:7)
  A crimson imp (D:6)
  A bullfrog zombie (D:6)
  A hound (D:5)
  A jelly (D:8)
  A gnoll shaman (D:5)
  3 orc priests
  4 orc wizards
  A centaur skeleton (D:7)
  Jessica (D:2)
  An iguana (D:6)
  2 worker ants (D:6)
  2 gnolls
  3 adders
  2 shadow imps (D:8)
  An adder zombie (D:5)
  2 adder skeletons
  A worm (D:3)
  2 dart slugs
  2 leopard geckos
  18 orcs
  6 bats
  A giant cockroach (D:6)
  3 goblins
  6 hobgoblins
  11 jackals
  3 kobolds
  3 quokkas
  3 ball pythons
  3 frilled lizards
  5 rats
106 creatures vanquished.

Vanquished Creatures (collateral kills)
  An ogre (D:4)
  A worker ant (D:8)
  A gnoll (D:6)
  An adder (D:5)
  A worm (D:4)
  A leopard gecko (D:5)
  4 orcs
  A frilled lizard (D:1)
11 creatures vanquished.

Vanquished Creatures (others)
  A ghoul (D:1)
  A vine stalker (D:1)
  An elf (D:1)
  2 trolls (D:1)
  2 formicids (D:1)
  A spriggan (D:1)
  2 nagas (D:1)
  A sky beast (D:5)
  2 centaurs (D:1)
  A hound (D:8)
  An orc wizard (D:5)
  A worker ant (D:8)
  A mummy (D:1)
  A leopard gecko (D:6)
  An orc (D:1)
  A kobold (D:1)
  5 tentacles (D:1)
25 creatures vanquished.

Grand Total: 142 creatures vanquished

Notes
Turn   | Place    | Note
-------+----------+-------------------------------------------
     0 | D:1      | Maedhros the Octopode Artificer began the quest for the
                  | Orb.
     0 | D:1      | Reached XP level 1. HP: 13/13 MP: 3/3
     2 | D:1      | Noticed a centaur
     2 | D:1      | Noticed a naga
     2 | D:1      | Noticed a spriggan
     2 | D:1      | Noticed a formicid
     2 | D:1      | Noticed a troll
     2 | D:1      | Noticed a kraken
     2 | D:1      | Noticed a troll
     2 | D:1      | Noticed a centaur
     2 | D:1      | Noticed a ghoul
     2 | D:1      | Noticed a naga
     2 | D:1      | Noticed an elf
     2 | D:1      | Noticed a formicid
     2 | D:1      | Noticed a vine stalker
     3 | D:1      | Killed a centaur
     4 | D:1      | Killed a centaur
     5 | D:1      | Killed a vine stalker
     5 | D:1      | Killed a naga
     6 | D:1      | Killed an elf
     7 | D:1      | Killed a naga
     7 | D:1      | Killed a formicid
     8 | D:1      | Killed a troll
     8 | D:1      | Killed a spriggan
    10 | D:1      | Killed a formicid
    12 | D:1      | Killed a ghoul
    13 | D:1      | Killed a troll
    92 | D:1      | Reached skill level 2 in Stealth
   140 | D:2      | Reached skill level 1 in Unarmed Combat
   140 | D:2      | Reached XP level 2. HP: 6/18 MP: 4/4
   241 | D:3      | Reached skill level 3 in Stealth
   241 | D:3      | Reached XP level 3. HP: 4/23 MP: 5/5
   541 | D:4      | Noticed an ogre
   570 | D:4      | Killed an ogre
   570 | D:4      | Reached skill level 4 in Stealth
   570 | D:4      | Reached XP level 4. HP: 13/28 MP: 6/6
   796 | D:5      | Entered Level 5 of the Dungeon
   818 | D:5      | Reached XP level 5. HP: 31/33 MP: 7/7
   824 | D:5      | Reached skill level 5 in Stealth
  1013 | D:5      | Noticed a sky beast
  1016 | D:5      | Noticed a centaur
  1042 | D:5      | HP: 1/33 [centaur/+0 rapier (8)]
  1118 | D:6      | Reached XP level 6. HP: 5/38 MP: 8/8
  1470 | D:6      | Found Geleas's Armour Shoppe.
  1481 | D:6      | Found a staircase to the Ecumenical Temple.
  1495 | Temple   | Entered the Ecumenical Temple
  1558 | Temple   | Became a worshipper of Cheibriados the Contemplative
  1587 | D:6      | Learned a level 3 spell: Ozocubu's Armour
  1717 | D:8      | Reached skill level 6 in Stealth
  1726 | D:8      | Identified the Reference Book on Companions and the Oath
  1797 | D:8      | Noticed an orc warrior
  1894 | D:4      | Reached * piety under Cheibriados
  2124 | D:2      | Noticed Jessica
  2139 | D:2      | Killed Jessica
  2415 | D:3      | Reached ** piety under Cheibriados
  2450 | D:3      | Found an iron altar of Okawaru.
  2450 | D:3      | Found a stormy altar of Qazlal.
  2451 | D:3      | Found a sparkling altar of Nemelex Xobeh.
  2556 | D:5      | Noticed Grinder
  2558 | D:5      | HP: 1/38 [centaur/+0 rapier (6)]
  2559 | D:5      | Killed a centaur
  2559 | D:5      | Reached skill level 1 in Shields
  2559 | D:5      | Reached XP level 7. HP: 1/43 MP: 9/9
  2567 | D:5      | HP: 1/43 [Grinder/nerve-wracking pain (11)]
  2647 | D:4      | Learned a level 1 spell: Magic Dart
  2724 | D:6      | Learned a level 2 spell: Searing Ray
  2733 | D:6      | Reached skill level 7 in Stealth
  2733 | D:6      | Reached skill level 5 in Unarmed Combat
  2747 | D:6      | Reached skill level 1 in Spellcasting
  2747 | D:6      | Reached skill level 1 in Conjurations
  2747 | D:6      | Reached skill level 1 in Charms
  2899 | D:6      | Reached XP level 8. HP: 37/48 MP: 10/10
  3172 | D:7      | Reached *** piety under Cheibriados
  3703 | D:8      | Noticed a wyvern
  3709 | D:8      | Mangled by a wyvern

Levels and vault maps discovered:
D:1:      nicolae_arrival_kraken_aquarium_b, layout_loops_ring,
          serial_park_tiny_pond
D:2:      layout_basic, minmay_tromino_i2, uniq_jessica
D:3:      layout_loops_ring, gammafunk_temple_overflow_claw, first_ration
D:4:      layout_basic
D:5:      layout_rooms, uniq_grinder
D:6:      layout_layer_cave, minmay_temple_entry_sparse_star, serial_shops,
          nicolae_shop_stone
D:7:      layout_gridville
D:8:      layout_basic
Temple:   eino_narrow_crystal_temple

Skill      XL: |  1  2  3  4  5  6  7  8 |
---------------+-------------------------+-----
Stealth        | 2 3 4 5 6 7 |  7.7
Unarmed Combat | 1 2 3 4 5 |  5.9
Shields        | 1 2 |  2.5
Spellcasting   | 1 2 |  2.8
Conjurations   | 1 2 |  2.9
Charms         | 1 3 |  3.0
Dodging        | 3 |  3.3
Fighting       | |  1.0
Short Blades   | |  1.0
Evocations     | |  3.2

Action                   |  1- 3 |  4- 6 |  7- 9 || total
-------------------------+-------+-------+-------++-------
Melee: Short sword       |    35 |     2 |     1 ||    38
       Constrict         |     7 |    30 |    25 ||    62
       Tentacles         |     4 |    27 |    26 ||    57
       Unarmed           |       |   135 |    89 ||   224
       Punch             |       |     4 |     5 ||     9
 Cast: Magic Dart        |       |       |     6 ||     6
       Ozocubu's Armour  |       |       |     2 ||     2
       Searing Ray       |       |       |     2 ||     2
Evoke: Wand              |     4 |    12 |    17 ||    33
  Use: Scroll            |     5 |     3 |     4 ||    12
       Potion            |       |     3 |     3 ||     6
 Stab: Sleeping          |     1 |     7 |     6 ||    14
       Paralysed         |     1 |       |       ||     1
       Invisible         |       |     1 |       ||     1
       Distracted        |       |       |     2 ||     2
  Eat: Chunk             |       |     1 |     2 ||     3
       Ration            |       |     1 |       ||     1
Armor: Skin              |     3 |    21 |     2 ||    26
Dodge: Dodged            |    23 |    67 |    53 ||   143
Block: Buckler           |       |     8 |    11 ||    19

Table legend:
 A = Non-vault XP
 B = Vault XP
 C = Vault XP percentage of total XP
 D = Non-vault monster count
 E = Vault monster count
 F = Vault count percentage of total count
                 A         B        C        D         E       F
            +---------+---------+-------+---------+---------+-------
      Total |    2147 |      53 |   2.4 |     114 |       3 |   2.6
            +---------+---------+-------+---------+---------+-------
        D:1 |       9 |       0 |   0.0 |       7 |       0 |   0.0
        D:2 |      20 |      53 |  72.6 |      12 |       3 |  20.0
        D:3 |     113 |       0 |   0.0 |      24 |       0 |   0.0
        D:4 |     119 |       0 |   0.0 |      11 |       0 |   0.0
        D:5 |     408 |       0 |   0.0 |      14 |       0 |   0.0
        D:6 |     754 |       0 |   0.0 |      22 |       0 |   0.0
        D:7 |     516 |       0 |   0.0 |      14 |       0 |   0.0
        D:8 |     208 |       0 |   0.0 |      10 |       0 |   0.0
            +---------+---------+-------+---------+---------+-------
